 Dungeon Crawl Stone Soup version 0.29.1-2-gbd0b4ee654 (webtiles) character file.

Game seed: 9984396301424638462

14 zermelo the Scratcher (level 2, 0/12 HPs)
             Began as a Felid Transmuter on Nov 30, 2022.
             Slain by a jackal (1 damage)
             ... on level 2 of the Dungeon.
             The game lasted 00:05:28 (1324 turns).

zermelo the Scratcher (Felid Transmuter)            Turns: 1324, Time: 00:05:29

Health: 0/12       AC:  1    Str:  6    XL:     2   Next: 31%
Magic:  6/6        EV: 17    Int: 14    God:
Gold:   42         SH:  0    Dex: 16    Spells: 4/5 levels left
                                        Lives:  0   Deaths: 0

rFire   . . .      SeeInvis +     - Unarmed
rCold   . . .      Faith    .   (shield unavailable)
rNeg    . . .      Spirit   .   (body armour unavailable)
rPois   .          Reflect  .   (helmet unavailable)
rElec   .          Harm     .   (cloak unavailable)
rCorr   .          Rampage  .   (gloves unavailable)
Will    .....                   (boots unavailable)
Stlth   +.........              (no amulet)
HPRegen 0.04/turn               (no ring)
MPRegen 0.10/turn               (no ring)

@: quick
A: very small, claws 1, fangs 3, see invisible, speed 1, shaggy fur 1, stealthy
paws, no weapons or thrown items, no armour, multi-lived
a: no special abilities


You were on level 2 of the Dungeon.
You visited 1 branch of the dungeon, and saw 2 of its levels.

You collected 42 gold pieces.

Inventory:

Jewellery
 b - a ring of resist corrosion
Scrolls
 c - 2 scrolls of blinking
 f - 3 scrolls of enchant weapon
Potions
 a - a potion of lignification
 g - a potion of haste {unknown}


   Skills:
 + Level 1.3 Fighting
 + Level 3.0 Dodging
 + Level 3.1 Unarmed Combat
 + Level 2.1 Spellcasting
 + Level 2.4 Transmutations


You had 4 spell levels left.
You knew the following spells:

 Your Spells              Type           Power      Damage    Failure   Level
a - Beastly Appendage     Tmut           16%        N/A       9%          1

Your spell library contained the following spells:

 Spells                   Type           Power      Damage    Failure   Level
 Wereblood                Tmut           8%         N/A       13%         2
 Poisonous Vapours        Pois/Air       2%         N/A       34%         2
 Spider Form              Tmut/Pois      4%         N/A       38%         3
 Ice Form                 Ice/Tmut       4%         N/A       80%         4
 Corpse Rot               Necr/Pois/Air  1%         N/A       93%         4


Dungeon Overview and Level Annotations

Branches:
Dungeon (2/15)

Altars:


Innate Abilities, Weirdness & Mutations

You have sharp claws.
You have razor-sharp teeth.
You have supernaturally acute eyesight. (SInv)
You cover ground quickly. (Speed+)
You are covered in fur. (AC +1)
Your paws help you pounce on unaware monsters.
You are incapable of wielding weapons or throwing items.
You cannot wear armour.
You gain extra lives every three experience levels.


Message History

The bat attacks as you move away! The bat misses you.
The bat barely misses you. The bat closely misses you.
The bat hits you but does no damage.
You barely miss the bat. Your claw misses the bat. The bat misses you.
The bat attacks as you move away! The bat barely misses you.
The bat closely misses you. The bat barely misses you.
The bat attacks as you move away! The bat closely misses you.
You feel your willpower return. The bat attacks as you move away!
The bat barely misses you. x2
The bat misses you. x2
The bat attacks as you move away! The bat closely misses you.
The bat misses you. The bat completely misses you.
The bat attacks as you move away! The bat closely misses you.
The bat barely misses you. The bat attacks as you move away!
The bat barely misses you. The bat hits you but does no damage.
A bat comes into view.
The bat misses you.
The rat twitches its whiskers.
There is a stone staircase leading up here.
The bat closely misses you.
The quokka twitches its whiskers.
You climb upwards.
There is a stone staircase leading down here.
There is a stone staircase leading down here.
You start resting.
HP restored.
You climb downwards.
The bat misses you. The jackal bites you. The jackal misses you.
The jackal closely misses you. The quokka misses you.
The kobold closely misses you. The jackal completely misses you.
The rat bites you but does no damage. The jackal barely misses you.
There is a stone staircase leading up, spattered with blood here.
The bat closely misses you. The bat hits you. The bat misses you.
The quokka bites you. The jackal misses you. The bat closely misses you.
The rat misses you.
The kobold hits you with a +0 short sword.
* * * LOW HITPOINT WARNING * * *
The jackal barely misses you. The quokka misses you. The jackal bites you.
You die...

##.........
##.......... #.#b..#.
.###...........
.......
.b.............
......# ..............
......###.#
#...........
..........
#..hr....... .......#
#..b@r...... ......#
###.hbK...... ......#
#....g...#...
......######.....##.#
#
..........##...!.##.#
.....###............#
....#####.............
......#####r.g...####w
......##..........#


You could see a quokka, 2 jackals, a hobgoblin, a goblin, 3 bats, a kobold and 2
rats.

Vanquished Creatures
  A dart slug (D:1)
  2 giant cockroaches (D:1)
  A goblin (D:1)
  A hobgoblin (D:1)
  2 ball pythons (D:1)
  A bat (D:1)
  3 kobolds (D:1)
  3 rats (D:1)
14 creatures vanquished.

Notes
Turn   | Place    | Note
-------+----------+-------------------------------------------
     0 | D:1      | zermelo the Felid Transmuter began the quest for the Orb.
     0 | D:1      | Reached XP level 1. HP: 9/9 MP: 4/4
   531 | D:1      | Reached XP level 2. HP: 12/12 MP: 6/6
  1324 | D:2      | Slain by a jackal

Illustrated notes

Levels and vault maps discovered:
D:1:      dpeg_arrival_tiny_i, layout_basic
D:2:      layout_rooms

Skill      XL: |  1  2 |
---------------+-------+-----
Dodging        | 3 |  3.0
Fighting       | |  1.3
Unarmed Combat | |  3.1
Spellcasting   | |  2.1
Transmutations | |  2.4

Action                   || total
-------------------------++-------
Melee: Unarmed           ||    47
       Bite              ||     2
       Punch             ||     3
  Use: Scroll            ||     4
 Stab: Sleeping          ||     1
Armor: Skin              ||     6
Dodge: Dodged            ||    83
